 Dungeon Crawl Stone Soup version 0.26-a0-812-g31a745ddcd (webtiles) character file.

Game seed: 8540154120637622806

48 kae the Insei (level 3, 0/20 HPs)
             Began as a Tengu Transmuter on Nov 16, 2020.
             Succumbed to an adder's poison
             ... on level 2 of the Dungeon.
             The game lasted 00:00:46 (1352 turns).

kae the Insei (Tengu Transmuter)                    Turns: 1352, Time: 00:00:47

Health: 0/20       AC:  2    Str: 11    XL:     3   Next: 72%
Magic:  7/7        EV: 12    Int: 13    God:
Gold:   57         SH:  0    Dex: 14    Spells: 2/6 levels left

rFire    . . .     SeeInvis .     - Unarmed
rCold    . . .     Faith    .   (no shield)
rNeg     . . .     Spirit   .   a - +0 robe
rPois    .         Reflect  .   (helmet currently unavailable)
rElec    .         Harm     .   (no cloak)
rCorr    .         Rampage  .   (no gloves)
MR       .....                  (boots unavailable)
Stlth    +.........             (no amulet)
HPRegen  0.06/turn              (no ring)
MPRegen  0.10/turn              (no ring)

@: lethally poisoned (0 -> -15), appendages (expiring)
A: beak, horns 2, talons 3
a: End Transformation


You were on level 2 of the Dungeon.
You had grown temporary horns.
You visited 1 branch of the dungeon, and saw 2 of its levels.

You collected 57 gold pieces.

Inventory:

Armour
 a - a +0 robe (worn)
Jewellery
 d - an uncursed amulet of regeneration {unknown}
 e - an uncursed ring of flight {unknown}
Scrolls
 b - 4 scrolls of identify {unknown}
 c - a scroll of teleportation {unknown}


   Skills:
 - Level 1.0 Fighting
 - Level 2.1 Dodging
 + Level 3.9 Unarmed Combat
 - Level 2.0 Spellcasting
 * Level 2.8 Transmutations


You had 2 spell levels left.
You knew the following spells:

 Your Spells              Type           Power        Failure   Level
a - Beastly Appendage     Tmut           #.....       9%          1
b - Spider Form           Tmut/Pois      #.........   41%         3

Your spell library contained the following spells:

 Spells                   Type           Power        Failure   Level
 Wereblood                Tmut           #.......     12%         2
 Ice Form                 Ice/Tmut       #.......     82%         4
 Blade Hands              Tmut           #.........   92%         5


Dungeon Overview and Level Annotations

Branches:
Dungeon (2/15)

Altars:
Okawaru


Innate Abilities, Weirdness & Mutations

You have a beak for a mouth.
You have claws for feet.
You have a pair of horns on your head.


Message History

The adder bites you.
* * * LOW HITPOINT WARNING * * *
You are more poisoned.
The adder poisons you!
You hit the adder but do no damage. Your kick misses the adder.
Your peck misses the adder.
The adder is severely wounded.
* * * LOW HITPOINT WARNING * * *
You feel sick. The adder bites you.
* * * LOW HITPOINT WARNING * * *
You are more poisoned.
The adder poisons you!
You barely miss the adder. Your peck misses the adder.
The adder is severely wounded.
* * * LOW HITPOINT WARNING * * *
You feel sick. The adder closely misses you.
You aren't carrying any potions.
You barely miss the adder. You claw the adder.
You kill the adder!
You die...

..!.... ###.##.#.
+........# ..#.#....
#........###.#.#####
# +........+.>.#.# #
.. #........##..#.##
#
#.##........##..#(.#
#
#...........#..#..#
#
#..............##.#
# #†@.♣...#......# #
#.....♣.♣.....#####
# #....♣$♣.♣....#
##..♣.♣.♣.♣...#
..)♣.♣._.♣.♣."#
.##..♣.♣.♣.♣...# .
#...♣.♣.♣....# #...
....# # ..


There were no monsters in sight!

Vanquished Creatures
  An adder (D:2)
  An ooze (D:1)
  2 dart slugs (D:1)
  A leopard gecko (D:1)
  6 bats (D:1)
  A giant cockroach (D:1)
  7 goblins
  A hobgoblin (D:1)
  2 jackals (D:1)
  5 kobolds (D:1)
  2 rats (D:1)
29 creatures vanquished.

Notes
Turn   | Place    | Note
-------+----------+-------------------------------------------
     0 | D:1      | kae the Tengu Transmuter began the quest for the Orb.
     0 | D:1      | Reached XP level 1. HP: 12/12 MP: 4/4
    33 | D:1      | Reached XP level 2. HP: 12/16 MP: 4/6
   490 | D:1      | Reached XP level 3. HP: 16/20 MP: 5/7
   495 | D:1      | Learned a level 3 spell: Spider Form
  1327 | D:2      | Found an iron altar of Okawaru.
  1350 | D:2      | HP: 1/20 [adder (3)]
  1352 | D:2      | Succumbed to an adder's poison

Illustrated notes

Levels and vault maps discovered:
D:1:      tarquinn_simple_flora_water_d, layout_basic, serial_corexii_hall,
          chequers_hall_statues_wall_a, corexii_hall_statues_x,
          kennysheep_decorative_pillar
D:2:      layout_basic, grunt_temple_overflow_cloverleaf, roderic_malta_cross,
          okawaru_trees_2

Skill      XL: |  1 |
---------------+----+-----
Transmutations | 2 |  2.8
Fighting       | |  1.0
Dodging        | |  2.1
Unarmed Combat | |  3.9
Spellcasting   | |  2.0

Action                   || total
-------------------------++-------
Melee: Unarmed           ||    78
       Kick              ||    18
       Headbutt          ||     6
       Peck              ||     9
 Cast: Beastly Appendage ||    18
  Use: Potion            ||     1
 Stab: Sleeping          ||     1
Armor: Robe              ||    21
Dodge: Dodged            ||    65

Table legend: (Time is in decaauts)
 A = Elapsed time spent in this place.
 B = Non-inter-level travel time spent in this place.
 C = Inter-level travel time spent in this place.
 D = Time resting spent in this place.
 E = Time spent auto-exploring this place.
 F = Levels seen in this place.
 G = Mean time per level.
                   A        B        C        D        E       F      G
               +--------+--------+--------+--------+--------+-----+--------+
         Total |   1346 |   1323 |     23 |      0 |   1126 |   2 |  673.0 |
       Dungeon |   1346 |   1323 |     23 |      0 |   1126 |   2 |  673.0 |
               +--------+--------+--------+--------+--------+-----+--------+

Top non-repeatable levels by time:
     D:1: 1256 daAuts
     D:2: 90 daAuts
